 Dungeon Crawl Stone Soup version 0.21.1-1-g345015f (webtiles) character file.

2940 prawnwizard the Summoner (level 9, 0/69 HPs)
             Began as a Pale Draconian Summoner on July 9, 2018.
             Slain by a demonic crawler (1 damage)
             ... on level 2 of the Abyss.
             The game lasted 00:25:26 (8935 turns).

prawnwizard the Summoner (Pale Draconian Summoner)  Turns: 8935, Time: 00:25:26

Health: 0/69       AC: 10    Str:  7    XL:     9   Next: 51%
Magic:  16/19      EV: 13    Int: 22    God:
Gold:   365        SH:  0    Dex: 11    Spells: 14/21 levels left

rFire    + . .     SeeInvis +   C - +1 whip of Ukloiteq {slash, *Rage rC++ Int+3} (curse)
rCold    + + +     Gourm    .   (no shield)
rNeg     . . .     Faith    .   (armour unavailable)
rPois    .         Spirit   .   (helmet restricted)
rElec    +         Reflect  .   (no cloak)
rCorr    .         Harm     .   (no gloves)
MR       .....     Rnd*Rage +   g - +2 pair of boots
Stlth    +.........             (no amulet)
HPRegen  0.21/turn              x - ring "Rozxucemi" {rElec rF+ rC+ Str-4 SInv}
MPRegen  0.16/turn              (no ring)

@: contaminated, glowing
A: breathe steam, unfitting armour, cold-blooded, AC +7
a: Breathe Steam


You were on level 2 of the Abyss.
You were not hungry.

You visited 1 branch of the dungeon, and saw 8 of its levels.
You visited the Abyss 1 time.

You collected 365 gold pieces.

Inventory:

Hand Weapons
 n - a +1 spear of freezing
 u - the +4 Vampire's Tooth {vamp}
   (You found it on level 4 of the Dungeon)

   It inflicts no extra harm, but heals its wielder when it wounds a living foe.
 v - the +0 trident "Wixtauwy" {distort, *Contam rC+ MR++ Str+2}
   (You found it on level 6 of the Dungeon)

   It warps and distorts space around it.
   Unwielding it can cause banishment or high damage.
   It affects your strength (+2).
   It protects you from cold.
   It affects your resistance to hostile enchantments.
   It causes magical contamination when unequipped.
 C - the cursed +1 whip of Ukloiteq (weapon) {slash, *Rage rC++ Int+3}
   (You found it on level 2 of the Abyss)

   It inflicts extra damage upon your enemies.
   It affects your intelligence (+3).
   It greatly protects you from cold.
   It may make you go berserk in combat.
   It has a curse placed upon it.
Armour
 g - a +2 pair of boots (worn)
Magical Staves
 w - a cursed staff of wizardry {unknown}
Jewellery
 h - an uncursed ring of fire
 m - an uncursed ring of positive energy
 x - the ring "Rozxucemi" (left hand) {rElec rF+ rC+ Str-4 SInv}
   (You found it on level 6 of the Dungeon)

   [ring of see invisible]

   It affects your strength (-4).
   It protects you from fire.
   It protects you from cold.
   It insulates you from electricity.
   It lets you see invisible.
Wands
 y - a wand of iceblast (16)
 B - a wand of scattershot (4)
Scrolls
 f - 7 scrolls of identify
 i - 5 scrolls of remove curse
 p - 2 scrolls of enchant weapon {unknown}
 r - 3 scrolls of teleportation {unknown}
 s - 2 scrolls of amnesia {unknown}
 A - 2 scrolls of random uselessness {unknown}
Potions
 c - 3 potions of degeneration
 d - 2 potions of mutation {unknown}
 e - 2 potions of brilliance
 j - 2 potions of agility {unknown}
 k - a potion of invisibility {unknown}
 l - a potion of cancellation {unknown}
 o - 2 potions of haste {unknown}
 q - 2 potions of heal wounds {unknown}
 t - a potion of lignification {unknown}
Books
 a - a book of Callings

   Spells                             Type                      Level
   a - Summon Small Mammal            Summoning                    1
   b - Call Imp                       Summoning                    2
   c - Call Canine Familiar           Summoning                    3
   d - Summon Guardian Golem          Hexes/Summoning              3
   e - Summon Lightning Spire         Summoning/Air                4
   f - Summon Ice Beast               Ice/Summoning                4
Comestibles
 b - 17 rations
 z - 3 chunks of flesh


   Skills:
 - Level 3.0 Fighting
 - Level 3.0 Polearms
 - Level 3.2 Dodging
 - Level 1.7 Stealth
 + Level 6.9 Spellcasting
 * Level 10.2 Summonings
 - Level 2.0 Ice Magic


You had 14 spell levels left.
You knew the following spells:

 Your Spells              Type           Power        Failure   Level  Hunger
a - Summon Small Mammal   Summ           ####         1%          1    None
b - Call Imp              Summ           ######..     1%          2    None
c - Summon Ice Beast      Ice/Summ       ####....     6%          4    ###....


Dungeon Overview and Level Annotations

Branches:
Dungeon (8/15)
 Temple: D:4-7         Lair: D:8-11

Altars:
Ashenzari
Hepliaklqana
Kikubaaqudgha
Ru
Wu Jian
The Shining One

Annotations:
D:8 Gastronok
Abyss:1 Pikel


Innate Abilities, Weirdness & Mutations

You can breathe blasts of scalding, opaque steam.
Your pale cyan-grey scales are hard. (AC +7)
You cannot fit into any form of body armour.
You are cold-blooded and may be slowed by cold attacks.


Message History

A demonic crawler comes into view.
The demonic crawler hits you! x3
* * * LOW HITPOINT WARNING * * *
The demonic crawler hits you.
* * * LOW HITPOINT WARNING * * *
The demonic crawler closely misses you. The demonic crawler hits you.
* * * LOW HITPOINT WARNING * * *
The demonic crawler closely misses you.
The demonic crawler hits you but does no damage.
The demonic crawler hits you.
* * * LOW HITPOINT WARNING * * *
The demonic crawler hits you but does no damage. x2
The demonic crawler misses you. The demonic crawler hits you.
* * * LOW HITPOINT WARNING * * *
The demonic crawler hits you but does no damage. x2
Tentacles burst from the starspawn's body! 2 starspawn tentacles come into view.
The demonic crawler hits you.
You die...

## #. .# #####. #.
. ##.#..# .... #..
####..#.@#..# ##
..##.#....s..# ..#
#....#.#..#.#
#.##..##...#......#
#.....#...#..#..#.
# #......##.##..##
#.###..#.##.## ...
...#..#.#...# ..#.#
## ..#.X5## ## #


You could see a demonic crawler.

Vanquished Creatures
  4 hippogriffs
  The ghost of KappaVara the Chopper, an amateur DsGl (D:4)
  A hell hound (D:8)
  A necrophage (D:6)
  A sky beast (D:5)
  An ogre (D:6)
  A phantom (D:5)
  A centaur (D:7)
  A crocodile (D:7)
  A big kobold (D:7)
  A bullfrog (D:8)
  A water moccasin skeleton (D:5)
  2 vampire bats (D:4)
  2 crimson imps
  An orc priest (D:3)
  A bullfrog skeleton (D:5)
  3 iguanas
  2 orc wizards (D:7)
  6 worker ants
  A hound zombie (D:8)
  A hound skeleton (D:7)
  A howler monkey zombie (D:8)
  3 gnolls (D:4)
  A howler monkey skeleton (D:6)
  7 adders
  3 shadow imps
  An adder zombie (D:7)
  4 worms
  2 dart slugs
  4 leopard geckos
  12 orcs
  A giant cockroach (D:1)
  5 goblins
  2 hobgoblins
  9 jackals
  4 quokkas
  7 ball pythons
  19 bats
  3 frilled lizards
  5 kobolds
  A quokka zombie (D:8)
  7 rats
135 creatures vanquished.

Vanquished Creatures (collateral kills)
  The ghost of fispok69 the Bolt Thrower, an amateur FoHu (D:3)
  A hell hound (D:8)
  A black bear (D:8)
  4 slaves (D:8)
  An ogre (D:4)
  2 bullfrogs
  A hound (D:7)
  A jelly (D:8)
  An iguana (D:4)
  A worker ant (D:7)
  A hound skeleton (D:4)
  A leopard gecko (D:4)
  A hobgoblin (D:1)
  A quokka (D:4)
  A ball python skeleton (D:4)
  2 bats
21 creatures vanquished.

Vanquished Creatures (others)
  An ice beast (D:7)
  A bullfrog (D:7)
  A hound (D:7)
  An orc (D:7)
  2 starspawn tentacles (Abyss:2)
6 creatures vanquished.

Grand Total: 162 creatures vanquished

Notes
Turn   | Place    | Note
-------+----------+-------------------------------------------
     0 | D:1      | prawnwizard the Draconian Summoner began the quest for the Orb.
     0 | D:1      | Reached XP level 1. HP: 14/14 MP: 3/3
   535 | D:1      | Reached XP level 2. HP: 12/20 MP: 5/5
   557 | D:1      | Learned a level 2 spell: Call Imp
  1276 | D:2      | Reached XP level 3. HP: 26/26 MP: 6/6
  1356 | D:2      | Found a hazy altar of Hepliaklqana.
  1460 | D:2      | Reached skill level 5 in Summonings
  1795 | D:3      | Noticed fispok69's ghost (amateur FoHu)
  2008 | D:3      | Reached XP level 4. HP: 19/33 MP: 8/8
  2156 | D:3      | Learned a level 4 spell: Summon Ice Beast
  2197 | D:3      | Found a shattered altar of Ashenzari.
  2892 | D:3      | Killed fispok69's ghost
  2892 | D:3      | Reached skill level 6 in Summonings
  2892 | D:3      | Reached XP level 5. HP: 23/38 MP: 2/10
  3392 | D:4      | Noticed a hippogriff
  3400 | D:4      | Killed a hippogriff
  3400 | D:4      | Reached skill level 1 in Ice Magic
  3400 | D:4      | Reached XP level 6. HP: 44/45 MP: 2/11
  3438 | D:4      | Found a sacrificial altar of Ru.
  3439 | D:4      | Found an ornate altar of the Wu Jian Council.
  3440 | D:4      | Found a glowing golden altar of the Shining One.
  3441 | D:4      | Found an ancient bone altar of Kikubaaqudgha.
  3544 | D:4      | Noticed KappaVara's ghost (amateur DsGl)
  3865 | D:4      | Killed KappaVara's ghost
  4065 | D:4      | Reached skill level 1 in Fighting
  4065 | D:4      | Your scales start taking on a pale cyan-grey colour.
  4065 | D:4      | Reached XP level 7. HP: 18/52 MP: 7/13
  4311 | D:4      | Found the +4 Vampire's Tooth {vamp}
  4613 | D:5      | Entered Level 5 of the Dungeon
  4706 | D:5      | Reached skill level 7 in Summonings
  6004 | D:6      | Reached XP level 8. HP: 58/63 MP: 15/15
  6047 | D:6      | Got a steaming trident
  6048 | D:6      | Identified the cursed +0 trident "Wixtauwy" {distort, *Contam rC+ MR++ Str+2} (You found it on level 6 of the Dungeon)
  6183 | D:6      | Reached skill level 1 in Polearms
  6183 | D:6      | Reached skill level 5 in Spellcasting
  6778 | D:6      | Got a slimy tin ring
  6940 | D:6      | Identified the ring "Rozxucemi" {rElec rF+ rC+ Str-4 SInv} (You found it on level 6 of the Dungeon)
  6970 | D:7      | Noticed a hippogriff
  6973 | D:7      | Noticed a hippogriff
  6987 | D:7      | Killed a hippogriff
  7343 | D:7      | Reached skill level 8 in Summonings
  7362 | D:7      | Killed a hippogriff
  7944 | D:7      | Reached XP level 9. HP: 69/69 MP: 18/18
  7980 | D:7      | Reached skill level 9 in Summonings
  8069 | D:8      | Noticed Pikel
  8283 | D:8      | Noticed Gastronok
  8613 | D:8      | Found a glowing golden altar of the Shining One.
  8862 | D:8      | Banished Pikel
  8862 | D:8      | Reached skill level 10 in Summonings
  8863 | D:8      | Cast into level 2 of the Abyss (a distortion unwield)
  8877 | Abyss:2  | Got a brightly glowing whip
  8878 | Abyss:2  | Identified the cursed +1 whip of Ukloiteq {slash, *Rage rC++ Int+3} (You found it on level 2 of the Abyss)
  8901 | Abyss:2  | Noticed an unseen horror
  8901 | Abyss:2  | Noticed a tentacled starspawn
  8923 | Abyss:2  | Noticed a demonic crawler
  8926 | Abyss:2  | HP: 3/69 [demonic crawler (2)]
  8928 | Abyss:2  | Noticed a tentacled starspawn
  8933 | Abyss:2  | HP: 1/69 [demonic crawler (4)]
  8935 | Abyss:2  | Slain by a demonic crawler

Skill      XL: |  1  2  3  4  5  6  7  8  9 |
---------------+----------------------------+-----
Summonings     | 5 6 7 8 10 | 10.2
Spellcasting   | 3 4 6 |  6.9
Ice Magic      | 1 2 |  2.0
Dodging        | 2 3 |  3.2
Fighting       | 1 3 |  3.0
Polearms       | 3 |  3.0
Stealth        | |  1.7

Action                   |  1- 3 |  4- 6 |  7- 9 || total
-------------------------+-------+-------+-------++-------
Melee: Unarmed           |   128 |       |       ||   128
       Tailslap          |    16 |    12 |    20 ||    48
       Spear             |    76 |   180 |   162 ||   418
       Trident           |       |       |   243 ||   243
 Cast: Summon Small Mamm |     2 |       |       ||     2
       Call Imp          |     3 |    23 |    20 ||    46
       Summon Ice Beast  |       |       |    11 ||    11
 Abil: Breathe Steam     |       |       |     2 ||     2
  Use: Scroll            |     5 |       |     2 ||     7
 Stab: Sleeping          |     7 |     4 |     7 ||    18
       Distracted        |       |       |     1 ||     1
  Eat: Chunk             |     4 |     7 |    15 ||    26
       Ration            |       |       |     1 ||     1
Armor: Skin              |    98 |    54 |   117 ||   269
Dodge: Dodged            |   184 |    96 |   231 ||   511
